 Dungeon Crawl Stone Soup version 0.31-a0-219-g8d62b2e7bb (webtiles) character file.

Game seed: 11832186010869553016

12 qw the Shooter (level 2, -2/16 HPs)
             Began as a Gargoyle Hexslinger on July 3, 2023.
             Slain by an iguana (5 damage)
             ... on level 4 of the Dungeon.
             The game lasted 00:00:14 (893 turns).

qw the Shooter (Gargoyle Hexslinger)                 Turns: 893, Time: 00:00:15

Health: -2/16      AC:  8    Str: 11    XL:     2   Next: 33%
Magic:  3/3        EV: 10    Int: 13    God:
Gold:   48         SH:  0    Dex: 12    Spells: 2/3 levels left

rFire   . . .        Y - +2 sling
rCold   . . .        (no shield)
rNeg    + . .        e - +0 ring mail
rPois   inf          (no helmet)
rElec   +            (no cloak)
rCorr   .            (no gloves)
SInv    .            k - +0 pair of boots
Will    .....        (no amulet)
Stlth   +            (no ring)
HPRegen 0.22/turn    (no ring)
MPRegen 0.08/turn

%: no passive effects
@: no status effects
A: sickness immunity, AC +2, negative energy resistance 1, electricity
resistance, torment resistance 1, petrification resistance
a: no special abilities


You were on level 4 of the Dungeon.
You visited 1 branch of the dungeon, and saw 3 of its levels.

You collected 48 gold pieces.


Innate Abilities, Weirdness & Mutations

You are immune to sickness and miasma.
Your stone body is resilient. (AC +2)
You are immune to poison.
You resist negative energy. (rN+)
You are resistant to electric shocks. (rElec)
You are resistant to unholy torment.
You are immune to petrification.


   Skills:
 - Level 1.1 Fighting
 + Level 2.9 Ranged Weapons
 - Level 1.5 Dodging
 - Level 1.0 Spellcasting
 - Level 2.6 Hexes


You had 2 spell levels left.
You knew the following spells:

 Your Spells              Type           Power      Damage    Failure   Level
a - Slow                  Hex            28%        N/A       22%         1

Your spell library contained the following spells:

 Spells                   Type           Power      Damage    Failure   Level
 Inner Flame              Hex/Fire       4%         N/A       75%         3
 Portal Projectile        Hex/Tloc       8%         N/A       75%         3
 Cause Fear               Hex            3%         N/A       92%         4

Inventory:

Hand Weapons
 Y - a +2 sling (weapon)
Armour
 e - a +0 ring mail (worn)
 k - a +0 pair of boots (worn)
Scrolls
 a - a scroll of identify
Potions
 f - a potion of attraction {unknown}
 g - a potion of resistance {unknown}
 h - a potion of lignification {unknown}

Dungeon Overview and Level Annotations

Branches:
Dungeon (2/15)

Altars:

Shops:
D:1 :


Message History

A kobold comes into view. It is wielding a +0 club.
The kobold shouts!
You shoot a sling bullet. The sling bullet hits the kobold.
You kill the kobold!
A sourceless malevolence fills the Dungeon...
You fall into a shaft and drop 2 floors!
The shaft crumbles and collapses.
Found a stone.
Waypoint 2 assigned to D:4.
You see here a stone.
A ball python comes into view.
The ball python hisses angrily.
The ball python moves out of view.
An iguana comes into view.
You shoot a sling bullet. The sling bullet hits the ball python.
You kill the ball python!
An endoplasm comes into view.
You shoot a sling bullet.
The sling bullet completely misses the iguana.
The endoplasm quivers.
You shoot a sling bullet. The sling bullet hits the iguana.
The iguana is lightly wounded.
You shoot a sling bullet.
The sling bullet barely misses the iguana.
The sling bullet hits the endoplasm.
The endoplasm is moderately wounded.
You shoot a sling bullet. The sling bullet hits the iguana!
The iguana is heavily wounded.
The iguana bites you. The iguana barely misses you.
You shoot a sling bullet.
The sling bullet hits the iguana but does no damage.
The iguana is heavily wounded.
The endoplasm hits you but does no damage.
The iguana bites you but does no damage.
You shoot a sling bullet. The sling bullet hits the iguana!
The iguana is almost dead.
The endoplasm hits you. The iguana bites you!
The endoplasm hits you but does no damage.
The iguana bites you.
You die...

.# .# .# #.#
.%# ##.# ##lJ#
. ##.@#
...########...#
#..........(.##
#.........^..#
##..........##
##........##
##########


You could see an iguana and an endoplasm.

Vanquished Creatures
  2 ball pythons
  An endoplasm (D:1)
  3 hobgoblins (D:1)
  A kobold (D:2)
  A quokka (D:1)
  A bat (D:1)
  2 rats (D:1)
11 creatures vanquished.

Notes
Turn   | Place    | Note
-------+----------+-------------------------------------------
     0 | D:1      | qw the Gargoyle Hexslinger began the quest for the Orb.
     0 | D:1      | Reached XP level 1. HP: 12/12 MP: 2/2
     0 | D:1      | 0 ||| qw: Version: 0.3-a-40-ge99b1a8
     0 | D:1      | 0 ||| qw: Game counter: 375
     0 | D:1      | 0 ||| qw: Melee chars always use a shield: true
     0 | D:1      | 0 ||| qw: God list: Okawaru
     0 | D:1      | 0 ||| qw: Allow faded altars: false
     0 | D:1      | 0 ||| qw: Do Orc after clearing Dungeon:15 true
     0 | D:1      | 0 ||| qw: Do second Lair branch before Depths: true
     0 | D:1      | 0 ||| qw: Lair rune preference: random
     0 | D:1      | 0 ||| qw: Goals: Normal
     0 | D:1      | 0 ||| PLANNING D:1-11
   146 | D:1      | Reached XP level 2. HP: 16/16 MP: 3/3
   345 | D:1      | Found Bialojuvio's Book Boutique.
   834 | D:1      | 834 ||| UPGRADING to +0 ring mail.
   844 | D:1      | 844 ||| DROPPING +0 robe.
   845 | D:1      | 845 ||| UPGRADING to +0 pair of boots.
   850 | D:1      | 850 ||| READING 2 scrolls labelled UNOFYI LEFETOURA.
   851 | D:1      | 851 ||| READING scroll labelled PYIRRI FAATS.
   852 | D:1      | 852 ||| READING scroll labelled LIUWYL JEPU.
   853 | D:1      | 853 ||| DROPPING scroll of poison.
   879 | D:2      | You fall into a shaft and drop 2 floors!
   893 | D:4      | HP: 3/16 [iguana (7)]
   893 | D:4      | Slain by an iguana

Levels and vault maps discovered:
D:1:      minmay_arrival_split_and_join, layout_basic, serial_shops,
          nicolae_book_shop_shelving
D:2:      layout_basic, basic_altar
D:4:      layout_loops_ring, chequers_serial_rivers_room_a, nzn_random_ring

Action                     || total
---------------------------++-------
   Fire: Sling             ||    53
    Use: Scroll            ||     3
 Armour: Robe              ||     6
         Ring mail         ||     3
  Dodge: Dodged            ||    16

Table legend:
 A = Non-vault XP
 B = Vault XP
 C = Vault XP percentage of total XP
 D = Non-vault monster count
 E = Vault monster count
 F = Vault count percentage of total count
                 A         B        C        D         E       F
            +---------+---------+-------+---------+---------+-------
      Total |      17 |       1 |   5.6 |      10 |       1 |   9.1
            +---------+---------+-------+---------+---------+-------
        D:1 |      15 |       0 |   0.0 |       9 |       0 |   0.0
        D:2 |       2 |       0 |   0.0 |       1 |       0 |   0.0
        D:4 |       0 |       1 | 100.0 |       0 |       1 | 100.0
            +---------+---------+-------+---------+---------+-------
